 Dungeon Crawl Stone Soup version 0.28.0-53-g5a82cb258f (webtiles) character file.

Game seed: 5983509409744756227

1149 quokkamancerX the Cleaver (level 8, -3/64 HPs)
             Began as a Hill Orc Fighter on June 8, 2022.
             Was a Follower of Qazlal.
             Slain by a hornet (11 damage)
             ... on level 5 of the Dungeon.
             The game lasted 00:11:23 (4961 turns).

quokkamancerX the Cleaver (Hill Orc Fighter)        Turns: 4961, Time: 00:11:24

Health: -3/64      AC: 13    Str: 21    XL:     8   Next: 38%
Magic:  9/17       EV: 13    Int:  8    God:    Qazlal [*.....]
Gold:   142        SH:  5    Dex:  5    Spells: 7/7 levels left

rFire   . . .      SeeInvis +   b - +6 dagger "Mankenk" {holy, rPois rN+ MP+9 Dex-5 SInv}
rCold   . . .      Faith    .   c - +0 buckler
rNeg    + . .      Spirit   .   i - +0 scale mail
rPois   +          Reflect  .   (no helmet)
rElec   .          Harm     .   j - +0 cloak
rCorr   .          Rampage  .   w - +1 pair of gloves
Will    .....                   h - +2 pair of boots
Stlth   ..........              (no amulet)
HPRegen 0.20/turn               n - +4 ring of evasion
MPRegen 0.15/turn               (no ring)

@: no status effects
A: no striking features
a: Renounce Religion


You were on level 5 of the Dungeon.
You worshipped Qazlal.
Qazlal was aware of your devotion.
You visited 1 branch of the dungeon, and saw 6 of its levels.

You collected 142 gold pieces.

Inventory:

Hand Weapons
 a - a +0 war axe
 b - the +6 dagger "Mankenk" (weapon) {holy, rPois rN+ MP+9 Dex-5 SInv}
   (You found it on level 2 of the Dungeon)

   It has been blessed by the Shining One to cause great damage to the undead
   and demons.
   Dex:       It affects your dexterity (-5).
   rPois:     It protects you from poison.
   rN:        It protects you from negative energy.
   MP:        It affects your magic capacity (+9).
   SInv:      It lets you see invisible.
Missiles
 A - a throwing net (quivered)
Armour
 c - a +0 buckler (worn)
 h - a +2 pair of boots (worn)
 i - a +0 scale mail (worn)
 j - a +0 cloak (worn)
 w - a +1 pair of gloves (worn)
Jewellery
 n - a +4 ring of evasion (left hand)
Wands
 l - a wand of acid (3)
Scrolls
 f - 4 scrolls of identify {unknown}
 g - a scroll of fog {unknown}
 k - a scroll of summoning {unknown}
 m - a scroll of fear {unknown}
 o - a scroll of enchant weapon {unknown}
 p - 3 scrolls of teleportation {unknown}
 q - a scroll of vulnerability {unknown}
 r - a scroll of amnesia {unknown}
 x - 2 scrolls of blinking {unknown}
 y - 3 scrolls of enchant armour {unknown}
Potions
 d - a potion of invisibility {unknown}
 e - a potion of lignification {unknown}
 s - a potion of flight {unknown}
 t - a potion of berserk rage {unknown}
 u - a potion of curing {unknown}
 v - a potion of mutation {unknown}
 z - a potion of haste {unknown}


   Skills:
 - Level 3.6 Fighting
 + Level 12.7 Axes
 - Level 3.2 Armour
 - Level 3.2 Shields


You had 7 spell levels left.
You didn't know any spells.
Your spell library contained the following spells:

 Spells                   Type           Power      Damage    Failure   Level
 Frozen Ramparts          Ice            0%         1d2       99%         3
 Gell's Gravitas          Tloc           0%         N/A       99%         3
 Inner Flame              Hex/Fire       0%         N/A       99%         3
 Teleport Other           Tloc           0%         N/A       99%         3
 Cause Fear               Hex            0%         N/A       100%        4
 Ice Form                 Ice/Tmut       0%         N/A       100%        4
 Summon Ice Beast         Ice/Summ       0%         N/A       100%        4
 Dispersal                Tloc           0%         N/A       100%        6
 Discord                  Hex            0%         N/A       100%        8


Dungeon Overview and Level Annotations

Branches:
Dungeon (6/15)
 Temple: D:4-7

Altars:
Qazlal

Shops:
D:3 [   D:5 :

Annotations:
D:3 1 runed translucent door, Crazy Yiuf


Message History

The killer bee barely misses you. You block the hornet's attack.
You hit the hornet.
The hornet is lightly wounded.
The killer bee barely misses you.
The killer bee stings you but does no damage.
The hornet stings you!
* * * LOW HITPOINT WARNING * * *
You feel as though you will be slow longer.
You block the killer bee's attack. You block the hornet's attack.
You hit the hornet.
The hornet is moderately wounded.
The killer bee barely misses you. The killer bee closely misses you.
The hornet barely misses you.
The killer bee stings you but does no damage.
The hornet closely misses you.
You hit the hornet.
The hornet is moderately wounded.
The killer bee stings you.
* * * LOW HITPOINT WARNING * * *
The hornet closely misses you.
The killer bee stings you but does no damage.
The hornet misses you. The killer bee closely misses you.
You closely miss the hornet.
The hornet is moderately wounded.
You feel yourself speed up. The killer bee closely misses you.
The hornet stings you but does no damage.
You block the killer bee's attack. The hornet stings you.
* * * LOW HITPOINT WARNING * * *
The killer bee stings you but does no damage.
The hornet barely misses you.
You hit the hornet.
The hornet is moderately wounded.
The killer bee barely misses you. You block the killer bee's attack.
The hornet stings you.
* * * LOW HITPOINT WARNING * * *
You hit the hornet but do no damage.
The hornet is moderately wounded.
The killer bee completely misses you. The hornet stings you!
You die...

##)## #.#.######.
#####...########
#.#........
#..............#
#.########.
#.###..####''#### #.# #.
#.#
####≈≈≈..≈≈≈###.########.
#.#
##§§≈≈..≈≈≈≈##..........
#.#
#§§≈≈≈..§§§§§##########.
#.# #≈≈≈§§≈..≈§§≈≈≈# #.
#.# §§§≈≈§≈.@§≈≈≈§≈≈ #.
#.# ≈§§§§≈≈.yy≈§§§≈§ #.
#.# ≈≈§≈§§≈..§≈≈§§≈≈ ##
#.# ≈≈≈§§#..#≈≈§§§§ ###
§≈§≈≈.##.≈≈§§§§ #####
§§≈§§. .≈§§§≈≈ #...#
##### §§§ ≈# #§§§≈≈≈
###.# #...# ≈≈§≈≈ ≈≈§≈≈
#.# #.### #.#


You could see a hornet and a killer bee.

Vanquished Creatures
  Sigmund (D:2)
  An ice beast (D:5)
  A black bear (D:5)
  4 ogres
  A necrophage (D:5)
  A howler monkey (D:5)
  A centaur zombie (D:5)
  A jelly (D:5)
  A hound (D:5)
  Jessica (D:2)
  An orc wizard (D:5)
  A killer bee zombie (D:5)
  4 gnolls (D:5)
  5 adders
  4 worms
  5 dart slugs
  8 orcs
  8 endoplasms
  4 giant cockroaches
  4 goblins (D:1)
  4 hobgoblins
  9 jackals
  4 kobolds
  4 quokkas
  5 ball pythons
  6 bats
  6 frilled lizards
  3 rats
98 creatures vanquished.

Notes
Turn   | Place    | Note
-------+----------+-------------------------------------------
     0 | D:1      | quokkamancerX the Hill Orc Fighter began the quest for the
                  | Orb.
     0 | D:1      | Reached XP level 1. HP: 19/19 MP: 1/1
    94 | D:1      | Reached skill level 3 in Axes
   106 | D:1      | Reached XP level 2. HP: 20/26 MP: 2/2
   205 | D:1      | Reached skill level 4 in Axes
   501 | D:1      | Reached XP level 3. HP: 31/31 MP: 3/3
   672 | D:1      | Reached skill level 5 in Axes
  1012 | D:2      | Noticed Sigmund
  1037 | D:2      | Killed Sigmund
  1038 | D:2      | Reached skill level 7 in Axes
  1038 | D:2      | Reached XP level 4. HP: 8/39 MP: 4/4
  1038 | D:2      | Reached XP level 5. HP: 9/45 MP: 5/5
  1334 | D:2      | Identified the +6 dagger "Mankenk" {holy, rPois rN+ MP+9
                  | Dex-5 SInv}
  1559 | D:2      | Reached skill level 8 in Axes
  1673 | D:2      | Reached XP level 6. HP: 47/51 MP: 6/6
  1922 | D:2      | Noticed Jessica
  1931 | D:2      | Killed Jessica
  2209 | D:3      | Found a faded altar of an unknown god.
  2287 | D:3      | Found Niud's Armour Shoppe.
  2371 | D:3      | Found a runed translucent door.
  2372 | D:3      | Noticed Crazy Yiuf
  2540 | D:3      | Found a stormy altar of Qazlal.
  3071 | D:3      | Became a worshipper of Qazlal Stormbringer
  3110 | D:4      | Reached skill level 9 in Axes
  3460 | D:4      | Reached XP level 7. HP: 42/57 MP: 7/7
  3753 | D:4      | You fall into a shaft and drop 2 floors!
  3759 | D:5      | Entered Level 5 of the Dungeon
  3786 | D:5      | Reached skill level 10 in Axes
  3943 | D:5      | Reached skill level 11 in Axes
  4197 | D:5      | Reached * piety under Qazlal
  4219 | D:5      | Reached XP level 8. HP: 64/64 MP: 8/8
  4268 | D:5      | Reached skill level 12 in Axes
  4363 | D:5      | Found Ysuylas's Book Boutique.
  4946 | D:5      | Noticed a hornet
  4950 | D:5      | Paralysed by a hornet for 3 turns
  4961 | D:5      | Slain by a hornet

Illustrated notes

Levels and vault maps discovered:
D:1:      lemuel_arrival_cross, layout_rooms, minmay_misc_feat_hallway,
          minmay_tetromino_s2
D:2:      layout_loops_cross, minmay_3d_cube, uniq_jessica, uniq_sigmund
D:3:      layout_basic, lemuel_tele_altar, hellmonk_ecumenical_altar_run_dry,
          serial_shops, shop_statue, uniq_crazy_yiuf_cottage
D:4:      layout_basic, tgw_trog, mainiacjoe_overflow_catwalk, serial_glass,
          glass_columns_b, glass_columns_b, glass_columns_a, glass_columns_b,
          hangedman_decor_push, minmay_diced_spiral
D:5:      kennysheep_big_flooded_room, layout_loops_ring, serial_shops,
          nicolae_shop_stone, minmay_misc_feat_diagonals
D:6:      layout_loops_ring, kennysheep_little_box, serial_shops,
          nicolae_shop_hallway_plus, uniq_blork_the_orc

Skill      XL: |  1  2  3  4  5  6  7  8 |
---------------+-------------------------+-----
Axes           | 3 4 7 8 9 11 12 | 12.7
Fighting       | |  3.6
Armour         | |  3.2
Shields        | |  3.2

Action                   |  1- 3 |  4- 6 |  7- 9 || total
-------------------------+-------+-------+-------++-------
Melee: War axe           |    97 |    90 |    85 ||   272
       Dagger            |       |    16 |    15 ||    31
  Use: Potion            |     1 |       |     1 ||     2
Armor: Scale mail        |    75 |    40 |    62 ||   177
Dodge: Dodged            |    84 |    57 |    74 ||   215
Block: Buckler           |    42 |    14 |    19 ||    75
